 Dungeon Crawl Stone Soup version 0.15-a0-1363-g87d8b17 (webtiles) character file.

3243 Quh the Archer (level 9, -4/59 HPs)
             Began as a Demonspawn Hunter on June 9, 2014.
             Was a Priest of Okawaru.
             Slain by a boring beetle (22 damage)
             ... on Level 7 of the Dungeon.
             The game lasted 00:38:42 (8197 turns).

Quh the Archer (Demonspawn Hunter)                  Turns: 8197, Time: 00:38:44

HP  -4/59        AC 13     Str 15      XL: 9   Next: 67%
MP  20/20        EV 11     Int 13      God: Okawaru [***...]
Gold 267         SH  0     Dex 14      Spells:  0 memorised, 17 levels left

rFire  . . .     SeeInvis .     b - +1 shortbow
rCold  . . .     Clarity  .     d - +0 leather armour
rNeg   . . .     rCorr    .     (no shield)
rPois  .         rRot     .     s - +2 hat
rElec  .         Spirit   .     n - +1 cloak
SustAb .         Warding  .     (no gloves)
rMut   .         Stasis   +     (no boots)
Gourm  .                        D - amulet of stasis
MR     .....                    (no ring)
                                (no ring)

@: not resistant to hostile enchantments, unstealthy
A: iridescent scales 2, demonic guardian 1, nightstalker 1
a: Heroism, Renounce Religion


You were on level 7 of the Dungeon.
You worshipped Okawaru.
Okawaru was most pleased with you.
You were not hungry.

You visited 2 branches of the dungeon, and saw 9 of its levels.
You also visited: Sewer.

You collected 267 gold pieces.

Inventory:

Hand weapons
 a - a +1,+2 short sword of speed
 b - a +1,+1 shortbow (weapon)
 o - a +2,+2 mace of protection
 x - a +2,+1 trident of dragon slaying
 y - a +0,+2 short sword of draining
 J - a +1,+1 mace of protection
 K - a +2,+0 antimagic hand axe
Missiles
 c - 31 arrows (quivered)
 z - 14 arrows of dispersal
 A - 17 stones
 F - 3 javelins
 H - 2 tomahawks
Armour
 d - a +0 leather armour (worn)
 n - a +1 cloak (worn)
 s - a +2 hat (worn)
Magical devices
 g - a wand of random effects (9) {unknown}
 E - a wand of paralysis (7) {unknown}
Comestibles
 f - 8 bread rations
 j - 3 meat rations
 w - 3 slices of pizza
Scrolls
 h - 2 scrolls of remove curse
 i - 10 scrolls of identify
 m - 3 scrolls of teleportation
 t - a scroll of enchant armour
 G - a scroll of blinking {unknown}
 I - a scroll of magic mapping {unknown}
Jewellery
 D - an amulet of stasis (around neck)
Potions
 e - a potion of poison
 k - 3 potions of restore abilities
 l - 2 potions of haste
 p - a potion of agility
 q - 2 potions of heal wounds
 r - 2 potions of resistance
 u - 8 potions of curing
 v - a potion of lignification
 B - a potion of confusion {unknown}
Books
 C - a book of Annihilations {highlevel}

   This book is beyond your current level of understanding.

   Spells                             Type                      Level
   Poison Arrow                       Conjuration/Poison           6
   Chain Lightning                    Conjuration/Air              8
   Lehudib's Crystal Spear            Conjuration/Earth            8
   Glaciate                           Conjuration/Ice              9
   Fire Storm                         Conjuration/Fire             9


   Skills:
 - Level 1.0 Fighting
 * Level 11.9 Bows
 - Level 1.7 Dodging
 - Level 0.8 Stealth
 * Level 4.7 Spellcasting


You had 17 spell levels left.
You didn't know any spells.

Dungeon Overview and Level Annotations

Branches:
Dungeon (8/15)             Temple (1/1) D:4
   Lair: D:8-11

Altars:
Ashenzari
Cheibriados
Dithmenos
Elyvilon
Fedhas
Gozag
Kikubaaqudgha
Makhleb
Nemelex Xobeh
Okawaru
Qazlal
Sif Muna
Trog
Vehumet
Xom
Yredelemnul
Zin
The Shining One


Innate Abilities, Weirdness & Mutations

You are mostly covered in iridescent scales (AC +6).
A weak demonic guardian rushes to your aid.
You are slightly more attuned to the shadows.


Message History

You shoot an arrow. The arrow hits the boring beetle!
The boring beetle is heavily wounded.
Something misses your quasit.
Your quasit closely misses something.
Your quasit closely misses something.
Your quasit claws something but does no damage.
Firing (i - inventory. (,) - cycle):
c - 33 arrows (quivered)
Press: ? - help, Shift-Dir - straight line, f/p - boring beetle
Aim: a boring beetle (heavily wounded)
You shoot an arrow. The arrow hits the boring beetle!
The boring beetle is severely wounded.
Firing (i - inventory. (,) - cycle):
c - 32 arrows (quivered)
Press: ? - help, Shift-Dir - straight line, f/p - boring beetle
Aim: a boring beetle (severely wounded)
You shoot an arrow.
The arrow hits the boring beetle but does no damage.
The boring beetle is severely wounded.
Something misses your quasit.
Your quasit barely misses something.
Your quasit claws something but does no damage.
Your quasit closely misses something.
The boring beetle bites you!!
You die...

##### #######.#.## ##
###.#..#.....##
.###...........#.##
.......(....(.(...#
.............((B..####
##.#.........B.5@..#.##
####...>....#..).....#
##..............#.##
##...#.#...........##
#....###.....8......#
##....##............##
####.........8.......8##
##.#..............8.....#
#...#.................8.#


You could see 2 boring beetles and a friendly quasit.

Vanquished Creatures
  The ghost of Restia the Conjurer, an experienced DECj of Vehumet (D:7)
  Prince Ribbit (D:4)
  Menkaure (D:4)
  2 phantoms (D:4)
  An orc warrior (D:7)
  A sky beast (D:6)
  A black bear (D:6)
  3 ogres
  An ice beast (D:7)
  3 giant frogs
  A big kobold (Sewer)
  3 scorpions
  5 wights (D:6)
  A hippogriff skeleton (D:6)
  A troll skeleton (D:8)
  The ghost of Quh the Shooter, a weakling DsHu (D:3)
  5 crimson imps
  3 goliath beetles
  A jelly (D:6)
  A gnoll shaman (D:6)
  2 hounds (D:6)
  3 orc priests
  A big fish (Sewer)
  A black bear skeleton (D:4)
  3 orc wizards
  4 worker ants
  2 iguanas
  2 hound skeletons
  3 gnolls (D:6)
  11 adders
  3 green rats (Sewer)
  A shadow imp (D:7)
  4 giant mites
  A worm (D:2)
  4 giant geckos
  An ooze (D:6)
  21 orcs
  12 goblins
  16 hobgoblins
  7 jackals
  3 ball pythons
  12 bats
  4 giant cockroaches
  6 giant newts
  A hobgoblin skeleton (D:7)
  A jackal zombie (D:6)
  17 kobolds
  2 quokkas
  11 rats
  A rat zombie (D:5)
197 creatures vanquished.

Vanquished Creatures (collateral kills)
  An orc (D:7)
1 creature vanquished.

Vanquished Creatures (others)
  2 crimson imps (D:7)
  A goliath beetle (D:8)
  2 quasits (D:7)
  An iron imp (D:7)
  An ufetubus (D:8)
7 creatures vanquished.

Grand Total: 205 creatures vanquished

Notes
Turn   | Place    | Note
--------------------------------------------------------------
     0 | D:1      | Quh, the Demonspawn Hunter, began the quest for the Orb.
     0 | D:1      | Reached XP level 1. HP: 15/15 MP: 1/1
   346 | D:1      | Reached skill level 4 in Bows
   386 | D:1      | Gained mutation: You are partially covered in iridescent scales (AC +4). [demonic ancestry]
   386 | D:1      | Reached XP level 2. HP: 21/21 MP: 2/2
   921 | D:2      | Gained mutation: You are slightly more attuned to the shadows. [demonic ancestry]
   921 | D:2      | Reached XP level 3. HP: 24/26 MP: 3/3
  1198 | D:2      | Reached skill level 5 in Bows
  1304 | D:2      | Found a bloodstained altar of Trog.
  1368 | D:2      | Gained mutation: You are mostly covered in iridescent scales (AC +6). [demonic ancestry]
  1368 | D:2      | Reached XP level 4. HP: 29/32 MP: 4/4
  1984 | D:3      | Noticed Quh's ghost (weakling DsHu)
  1993 | D:3      | Killed Quh's ghost
  1993 | D:3      | Reached XP level 5. HP: 32/37 MP: 5/5
  2158 | D:3      | Reached skill level 6 in Bows
  2541 | D:4      | Found a staircase to the Ecumenical Temple.
  2548 | Temple   | Entered the Ecumenical Temple
  2668 | Temple   | Became a worshipper of Warmaster Okawaru
  2711 | D:4      | Noticed Prince Ribbit
  2882 | D:4      | Killed Prince Ribbit
  2882 | D:4      | Acquired Okawaru's first power
  2882 | D:4      | Reached skill level 7 in Bows
  2882 | D:4      | Reached XP level 6. HP: 22/43 MP: 6/6
  2973 | D:4      | Noticed a phantom
  2995 | D:4      | Killed a phantom
  3188 | D:4      | Reached XP level 7. HP: 26/48 MP: 7/7
  3207 | D:4      | Reached skill level 8 in Bows
  3523 | D:4      | Noticed an ogre
  3560 | D:4      | Killed an ogre
  4031 | D:4      | Noticed a phantom
  4049 | D:4      | Killed a phantom
  4092 | D:4      | Noticed Menkaure
  4101 | D:4      | Killed Menkaure
  4101 | D:4      | Reached skill level 9 in Bows
  4133 | D:4      | Noticed an ogre
  4142 | D:4      | Killed an ogre
  4142 | D:4      | Reached XP level 8. HP: 54/54 MP: 8/8
  4541 | D:5      | Entered Level 5 of the Dungeon
  5456 | D:5      | Found a burning altar of Makhleb.
  5457 | D:5      | Noticed a cacodemon
  5538 | D:6      | Reached skill level 10 in Bows
  5752 | D:6      | Found a glowing drain.
  5786 | Sewer    | Entered a sewer
  6089 | Sewer    | Found a white marble altar of Elyvilon.
  6590 | D:6      | Reached skill level 11 in Bows
  6615 | D:6      | Reached skill level 1 in Spellcasting
  6727 | D:6      | Gained mutation: A weak demonic guardian rushes to your aid. [demonic ancestry]
  6727 | D:6      | Reached XP level 9. HP: 56/59 MP: 12/12
  7294 | D:7      | Received a gift from Okawaru
  7353 | D:7      | Noticed Restia's ghost (experienced DECj)
  7364 | D:7      | Killed Restia's ghost
  8197 | D:7      | Slain by a boring beetle

Action                   |  1- 3 |  4- 6 |  7- 9 || total
-------------------------+-------+-------+-------++-------
Melee: Short sword       |   153 |    66 |   363 ||   582
       Mace              |     9 |       |       ||     9
       Shortbow          |       |       |     1 ||     1
 Fire: Shortbow          |       |    69 |   429 ||   498
Throw: Stone             |       |       |     4 ||     4
       Javelin           |       |       |     3 ||     3
  Use: Scroll            |       |     8 |     9 ||    17
       Potion            |       |       |     3 ||     3
 Stab: Sleeping          |     2 |     1 |     4 ||     7
